 Dungeon Crawl Stone Soup version 0.21.0-3-g78d12a8 (webtiles) character file.

11342 tidbits the Transmogrifier (level 11, -14/60 HPs)
             Began as a Vine Stalker Air Elementalist on Jan 10, 2018.
             Was a High Priest of Cheibriados.
             Killed from afar by an orc sorcerer (28 damage)
             ... with a bolt of fire
             ... on level 2 of the Orcish Mines.
             The game lasted 01:23:32 (6146 turns).

tidbits the Transmogrifier (VSAE)                   Turns: 6146, Time: 01:23:33

Health: -14/60     AC:  5    Str: 25    XL:     11   Next: 76%
Magic:  0/19       EV: 20    Int: 33    God:    Cheibriados [*****.]
Gold:   603        SH:  0    Dex: 32    Spells: 8/20 levels left

rFire    . . .     SeeInvis .     - Unarmed
rCold    . . .     Gourm    .   (shield currently unavailable)
rNeg     . . .     Faith    .   (armour currently unavailable)
rPois    x         Spirit   +   (helmet currently unavailable)
rElec    .         Reflect  .   (cloak currently unavailable)
rCorr    .         Harm     .   (gloves currently unavailable)
MR       +....                  (boots currently unavailable)
Stlth    +++++.....             (no amulet)
HPRegen  0.60/turn              f - ring of stealth
MPRegen  0.16/turn              V - ring "Wott" {AC+3 Slay+3}

@: brilliant, spider-form, very slightly contaminated, very slow
A: tiny, regeneration 1, wild magic 1, magic shield, no potion heal 3, rot
immunity
a: End Transformation, Bend Time, Temporal Distortion, Slouch, Step From Time,
Renounce Religion


You were on level 2 of the Orcish Mines.
You worshipped Cheibriados.
Cheibriados was extremely pleased with you.
You were not hungry.
You were a venomous arachnid creature.
You visited 3 branches of the dungeon, and saw 14 of its levels.
You visited 1 bazaar.

You collected 1252 gold pieces.
You spent 649 gold pieces at shops.

Inventory:

Hand Weapons
 a - a +1 rapier (melded)
 b - a +1 dagger of draining
   (You took it off an orc on level 2 of the Orcish Mines)
 e - a +2 hand axe of venom
   (You took it off an orc on level 5 of the Dungeon)
 n - a +0 dagger of distortion
   (You took it off an orc wizard on level 1 of the Orcish Mines)
 o - a +1 flail of draining
   (You took it off an orc on level 3 of the Dungeon)
Missiles
 p - 10 tomahawks
 y - 45 arrows
 R - 3 javelins (quivered)
Armour
 h - a +0 troll leather armour
 k - the +1 leather armour of the Orcish Mines {Str+3 Int+4 Slay-4}
   (You found it on level 7 of the Dungeon)

   It affects your strength (+3).
   It affects your intelligence (+4).
   It affects your accuracy and damage with ranged weapons and melee attacks
   (-4).
 u - a +2 robe of the Archmagi
   (You took it off Blork the orc on level 5 of the Dungeon)
 B - the +4 scale mail of Fureas (melded) {Int+3 Dex+3 SInv}
   (You found it on level 10 of the Dungeon)

   It affects your intelligence (+3).
   It affects your dexterity (+3).
   It lets you see invisible.
 C - a +2 cloak of invisibility (melded)
   (You found it on level 3 of the Dungeon)
 D - a +0 buckler (melded)
 E - a +2 hat (melded)
 F - a +0 pair of boots (melded)
 G - a +0 pair of gloves (melded)
 J - a +0 ring mail of magic resistance
   (You took it off an orc on level 8 of the Dungeon)
 N - a +0 ring mail of cold resistance
   (You found it on level 4 of the Dungeon)
 T - a cursed +0 leather armour
Jewellery
 f - a ring of stealth (left front leg)
   (You found it on level 1 of the Dungeon)
 l - an uncursed ring of resist corrosion
   (You found it on level 3 of the Dungeon)
 w - an uncursed ring of protection from cold
   (You found it on level 5 of the Dungeon)
 A - an uncursed ring of magical power
   (You found it on level 4 of the Dungeon)
 K - an uncursed ring of positive energy
   (You found it on level 7 of the Dungeon)
 V - the ring "Wott" (right front leg) {AC+3 Slay+3}
   (You bought it in a shop on level 7 of the Dungeon)

   [ring of protection]

   It affects your AC (+3).
   It affects your accuracy and damage with ranged weapons and melee attacks
   (+3).
 X - the ring "Tiweoty" {Fire rElec Str+3}
   (You found it on level 9 of the Dungeon)

   [ring of fire]

   It enhances your fire magic.
   It affects your strength (+3).
   It protects you from fire.
   It makes you vulnerable to cold.
   It insulates you from electricity.
Wands
 d - a wand of digging (11)
 Z - a wand of paralysis (14)
Scrolls
 j - a scroll of immolation
 m - a scroll of acquirement {unknown}
 r - 7 scrolls of remove curse
 t - a scroll of fog
 O - 2 scrolls of noise {unknown}
 P - a scroll of amnesia
 Q - a scroll of enchant weapon
Potions
 g - 4 potions of flight
 i - a potion of brilliance
 v - a potion of might
 x - 2 potions of cancellation
 z - 4 potions of ambrosia
 I - 2 potions of mutation {!q}
 S - 5 potions of curing
 W - 2 potions of haste
Books
 q - a book of Air

   Spells                             Type                      Level
   a - Shock                          Conjuration/Air              1
   b - Swiftness                      Charms/Air                   2
   c - Static Discharge               Conjuration/Air              3
   d - Airstrike                      Air                          4
   e - Lightning Bolt                 Conjuration/Air              5
 s - a book of Changes
   (You found it on level 6 of the Dungeon)

   Spells                             Type                      Level
   a - Beastly Appendage              Transmutation                1
   b - Sticks to Snakes               Transmutation                2
   c - Spider Form                    Transmutation/Poison         3
   d - Ice Form                       Ice/Transmutation            4
   e - Blade Hands                    Transmutation                5
 H - a book of Conjurations
   (You found it on level 7 of the Dungeon)

   Spells                             Type                      Level
   a - Magic Dart                     Conjuration                  1
   b - Searing Ray                    Conjuration                  2
   c - Dazzling Spray                 Conjuration/Hexes            3
   d - Fulminant Prism                Conjuration/Hexes            4
   e - Force Lance                    Conjuration/Translocation    4
   f - Iskenderun's Mystic Blast      Conjuration                  4
Comestibles
 c - 6 rations
 L - a chunk of flesh


   Skills:
 - Level 8.8 Fighting
 - Level 2.1 Short Blades
 - Level 2.6 Armour
 - Level 1.8 Dodging
 - Level 5.7 Stealth
 - Level 4.1 Shields
 - Level 4.1 Unarmed Combat
 - Level 5.1 Spellcasting
 - Level 1.0 Conjurations
 - Level 10.1 Transmutations
 - Level 3.0 Air Magic
 - Level 2.4 Poison Magic
 + Level 4.4 Invocations
 - Level 3.0 Evocations


You had 8 spell levels left.
You knew the following spells:

 Your Spells              Type           Power        Failure   Level  Hunger
a - Shock                 Conj/Air       ####         1%          1    None
e - Beastly Appendage     Tmut           ######       1%          1    None
h - Blade Hands           Tmut           #######...   1%          5    #####..
k - Sticks to Snakes      Tmut           #######.     1%          2    None
p - Spider Form           Tmut/Pois      ######....   1%          3    None


Dungeon Overview and Level Annotations

Branches:
Dungeon (11/15)            Temple (1/1) D:4            Lair (0/6) D:11
    Orc (2/2) D:9             Elf (0/3) Orc:2

Altars:
Ashenzari
Cheibriados
Dithmenos
Fedhas
Gozag
Hepliaklqana
Kikubaaqudgha
Makhleb
Nemelex Xobeh
Qazlal
Sif Muna
Trog
Uskayaw
Vehumet
Xom
Yredelemnul
Zin
The Shining One
Beogh

Shops:
D:7 =   D:8 }

Annotations:
D:2 Terence
D:4 HungrySpirit's ghost, novice GrMo
D:7 exclusion: 3 killer bees


Innate Abilities, Weirdness & Mutations

((You have razor-sharp teeth.))
Your natural rate of healing is unusually fast.
When hurt, damage is shared between your health and your magic reserves.
((Your bite disrupts and absorbs the magic of your enemies.))
Potions cannot restore your health.
You are immune to rotting.
((You have a pair of small antennae on your head.))
Your spells are a little harder to cast, but a little more powerful.


Message History

The orc sorcerer goes into a battle-frenzy!
The orc sorcerer hits your water moccasin with a dagger.
Your water moccasin closely misses the orc sorcerer.
Your adder bites the hellwing but does no damage.
The orc knight hits your water moccasin with an enchanted halberd!!!
Your water moccasin dies!
The orc knight unwields an uncursed enchanted battleaxe.
The orc knight wields an uncursed arbalest.
The orc knight shoots a bolt.
The bolt closely misses your adder. The bolt hits your adder!
Your adder dies!
The orc sorcerer points at you and mumbles some strange words.
The bolt of negative energy hits the hellwing.
The hellwing completely resists.
The bolt of negative energy hits your adder.
Your adder is drained!
Your adder dies!
The hellwing hits your adder! The hellwing closely misses your adder.
Your adder barely misses the hellwing.
Unknown command.
Unknown command.
Evoke which item? (* to show all) (? for menu, Esc to quit)
Aiming: Paralyse
Press: ? - help, Shift-Dir - straight line, f - hellwing
Aim: a hellwing (summoned, chance to defeat MR: 21%)
Okay, then.
Unknown command.
The orc knight no longer looks unusually strong.
Your adder bites the hellwing but does no damage.
Your adder closely misses the hellwing.
The orc knight hits your adder with a battleaxe of freezing!!
The orc knight freezes your adder.
Your adder dies!
The orc sorcerer points at you and mumbles some strange words.
The bolt of negative energy hits your adder.
Your adder is drained!
Your adder dies!
The orc knight roars a battlecry!
The orc knight goes into a battle-frenzy!
Unknown command.
Okay, then.
What are your orders? t - Shout!
Orders for allies: a - Attack new target. r - Retreat! s - Stop attacking. g - Guard the area. f - Follow me.
Anything else - Cancel.
Okay, then.
As you read the scroll of fog, it crumbles to dust.
The scroll dissolves into smoke.
The orc sorcerer mumbles some strange words.
The orc knight shoots a bolt.
The bolt completely misses you.
Unknown command.
The hellwing swoops through the air toward you!
The hellwing hits you but does no damage. x2
Unknown command.
You block the hellwing's attack.
The hellwing hits you but does no damage.
The hellwing misses you. The hellwing hits you.
* * * LOW HITPOINT WARNING * * *
Unknown command.
Casting: Sticks to Snakes
Confirm with . or Enter, or press ? or * to list all spells.
You turn into a venomous arachnid creature.
Your +1 rapier melds into your body.
Your +2 cloak of invisibility melds into your body.
Your +2 hat melds into your body.
Your +0 pair of gloves melds into your body.
Your +0 pair of boots melds into your body.
Your +0 buckler melds into your body.
The +4 scale mail of Fureas {Int+3 Dex+3 SInv} melds into your body.
The hellwing completely misses you. The hellwing hits you.
* * * LOW HITPOINT WARNING * * *
Unknown command.
The hellwing closely misses you. The hellwing misses you.
The red devil closely misses you. The hellwing hits you.
* * * LOW HITPOINT WARNING * * *
The hellwing hits you.
Unknown command.
The hellwing swoops through the air toward you!
The hellwing closely misses you. The hellwing misses you.
The red devil closely misses you. The hellwing misses you.
The hellwing closely misses you.
Unknown command.
The hellwing closely misses you. x2; The red devil barely misses you.
The orc knight roars a battlecry!
The orc sorcerer goes into a battle-frenzy!
The hellwing hits you!
* * * LOW HITPOINT WARNING * * *
The hellwing hits you.
* * * LOW HITPOINT WARNING * * *
Unknown command.
You don't have enough magic at the moment.
Okay, then.
The hellwing hits you.
* * * LOW HITPOINT WARNING * * *
The hellwing closely misses you. The red devil closely misses you.
The orc sorcerer gestures at you while chanting.
The bolt of fire hits you!
You die...

.....##................[#.[.#....
......#........#..#.#..<[)[.###..
.....###.[[.....##...[[[[..#..#..
....###))[.[...#.#....[).......#.
#.....o..#[...#)..............#.#
#.....o...###.#.)................
....o..4.###.###......###.......#
...).o..#§§§#####.....#.#.##....#
....oo...§§o§.#os......####......
.o.o.o.(§§§§oo.4.......##.#......
.o#.#...§§§##.4..#.....###.......
.##############.##...............
.###### ####...........#.#.
4S{4(o### ###...<....#####
o####.o.# ##.........## o# ###..#
#...........# .# #..#
###...........##


You could see 2 orc knights, a hellwing, an orc sorcerer and a red devil.

Vanquished Creatures
  Erolcha (D:11)
  A two-headed ogre (D:9)
  An orc high priest (Orc:2)
  An unseen horror (D:10)
  An orc sorcerer (Orc:2)
  Joseph (D:8)
  3 trolls
  Prince Ribbit (D:9)
  A hippogriff (D:11)
  A yak (D:11)
  A basilisk (D:11)
  A wyvern (D:9)
  A warg (Orc:2)
  15 orc warriors
  A necrophage (D:9)
  2 sky beasts
  2 black bears (D:10)
  An ice beast (D:11)
  3 phantoms
  11 ogres
  6 centaurs
  A crocodile (D:11)
  A big kobold (D:9)
  Blork the orc (D:5)
  3 bullfrogs
  A scorpion (D:7)
  2 killer bees (D:11)
  2 howler monkeys
  4 crimson imps
  A centaur zombie (D:11)
  5 hounds
  A jelly (D:8)
  2 bullfrog skeletons
  2 centaur skeletons
  5 orc priests
  A quasit (D:5)
  17 orc wizards
  2 iguanas
  5 worker ants
  The ghost of dscm the Grave Robber, a weakling OpNe (D:3)
  A worker ant zombie (D:5)
  8 gnolls
  7 adders
  3 shadow imps
  3 adder skeletons
  2 adder zombies (D:6)
  A dart slug (D:5)
  2 leopard geckos
  40 orcs
  3 giant cockroaches
  5 goblins
  2 hobgoblins (D:1)
  8 jackals
  2 quokkas (D:5)
  4 bats
  2 frilled lizards
  8 kobolds
  A leopard gecko skeleton (D:5)
  3 rats
218 creatures vanquished.

Vanquished Creatures (collateral kills)
  2 two-headed ogres
  A cyclops (Orc:1)
  An orc warrior (Orc:1)
  A phantom (D:10)
  2 ogres
  A bullfrog (D:9)
  2 killer bees (D:11)
  3 orc wizards
  3 orc priests
  A hound zombie (D:8)
  A hound skeleton (D:9)
  An adder (D:9)
  An adder skeleton (D:7)
  20 orcs
40 creatures vanquished.

Grand Total: 258 creatures vanquished

Notes
Turn   | Place    | Note
-------+----------+-------------------------------------------
     0 | D:1      | tidbits the Vine Stalker Air Elementalist began the quest for the Orb.
     0 | D:1      | Reached XP level 1. HP: 9/9 MP: 4/4
   114 | D:2      | Noticed an ice beast
   232 | D:1      | Reached skill level 3 in Stealth
   232 | D:1      | Reached XP level 2. HP: 14/14 MP: 1/6
   234 | D:1      | Reached skill level 1 in Fighting
   462 | D:2      | Reached XP level 3. HP: 15/18 MP: 2/7
   656 | D:2      | Noticed Terence
   721 | D:3      | Noticed dscm's ghost (weakling OpNe)
   743 | D:3      | Killed dscm's ghost
   910 | D:4      | Noticed an ogre
   928 | D:4      | Killed an ogre
   928 | D:4      | Reached skill level 2 in Fighting
   928 | D:4      | Reached skill level 4 in Stealth
   928 | D:4      | Reached skill level 1 in Shields
   928 | D:4      | Reached skill level 1 in Evocations
   928 | D:4      | Gained mutation: Your natural rate of healing is unusually fast. [Vine Stalker growth]
   928 | D:4      | Reached XP level 4. HP: 23/23 MP: 4/8
   928 | D:4      | Reached XP level 5. HP: 27/27 MP: 4/9
  1067 | D:4      | Noticed HungrySpirit's ghost (novice GrMo)
  1372 | D:4      | Reached skill level 1 in Short Blades
  1372 | D:4      | Reached skill level 2 in Shields
  1372 | D:4      | Reached XP level 6. HP: 17/32 MP: 5/10
  1408 | D:4      | HP: 2/32 [ogre/giant club (19)]
  1413 | D:4      | Reached skill level 5 in Stealth
  1462 | D:5      | Entered Level 5 of the Dungeon
  1531 | D:5      | Reached skill level 2 in Evocations
  1631 | D:5      | Reached skill level 3 in Fighting
  1764 | D:6      | Noticed an orc warrior
  1824 | D:5      | Found a bloodstained altar of Trog.
  1876 | D:4      | Found a staircase to the Ecumenical Temple.
  1878 | D:4      | Reached XP level 7. HP: 36/36 MP: 11/11
  1933 | Temple   | Entered the Ecumenical Temple
  2000 | Temple   | Became a worshipper of Cheibriados the Contemplative
  2105 | D:4      | Reached skill level 2 in Short Blades
  2133 | D:4      | Found a sparkling altar of Nemelex Xobeh.
  2241 | D:7      | Learned a level 1 spell: Beastly Appendage
  2244 | D:7      | Learned a level 2 spell: Sticks to Snakes
  2421 | D:7      | Found Nennoxza's Jewellery Emporium.
  2444 | D:7      | Reached skill level 1 in Transmutations
  2520 | D:7      | Reached skill level 3 in Spellcasting
  2583 | D:7      | Got a bronze leather armour
  2600 | D:7      | Identified the +1 leather armour of the Orcish Mines {Str+3 Int+4 Slay-4} (You found it on level 7 of the Dungeon)
  2647 | D:6      | Reached skill level 2 in Transmutations
  2647 | D:6      | Gained mutation: You have razor-sharp teeth. [Vine Stalker growth]
  2647 | D:6      | Reached XP level 8. HP: 40/40 MP: 14/14
  2825 | D:6      | Reached skill level 3 in Transmutations
  2833 | D:6      | Reached * piety under Cheibriados
  2833 | D:6      | Reached skill level 4 in Spellcasting
  2868 | D:6      | Found a deep blue altar of Sif Muna.
  2881 | D:6      | Learned a level 3 spell: Spider Form
  3126 | D:6      | Gained mutation: You have a pair of small antennae on your head. [potion of mutation]
  3126 | D:6      | Gained mutation: Your spells are a little harder to cast, but a little more powerful. [potion of mutation]
  3190 | D:5      | Reached skill level 1 in Unarmed Combat
  3193 | D:5      | Reached skill level 1 in Poison Magic
  3231 | D:5      | Noticed Blork the orc
  3242 | D:5      | Killed Blork the orc
  3371 | D:6      | Reached skill level 4 in Transmutations
  3395 | D:6      | Found a hide-covered altar of Uskayaw.
  3438 | D:6      | Reached skill level 2 in Unarmed Combat
  3438 | D:6      | Reached skill level 2 in Poison Magic
  3455 | D:6      | Reached skill level 5 in Spellcasting
  3486 | D:6      | Reached XP level 9. HP: 33/44 MP: 3/17
  3660 | D:8      | Reached skill level 3 in Unarmed Combat
  3670 | D:8      | Reached skill level 1 in Invocations
  3733 | D:8      | Found Amuifyu's Gadget Shop.
  3741 | D:8      | Noticed Joseph
  3771 | D:8      | Killed Joseph
  3771 | D:8      | Reached skill level 3 in Invocations
  3782 | D:8      | Reached skill level 4 in Invocations
  3939 | D:8      | Reached ** piety under Cheibriados
  3939 | D:8      | Reached skill level 4 in Unarmed Combat
  4018 | D:8      | Reached skill level 5 in Transmutations
  4066 | D:8      | Noticed a two-headed ogre
  4093 | D:8      | Killed a two-headed ogre
  4093 | D:8      | Reached skill level 4 in Fighting
  4159 | D:8      | Found an ancient bone altar of Kikubaaqudgha.
  4252 | D:7      | Bought the ring "Wott" {AC+3 Slay+3} for 406 gold pieces
  4309 | D:9      | Found a shadowy altar of Dithmenos.
  4319 | D:9      | Reached skill level 6 in Transmutations
  4348 | D:9      | Got a brightly glowing amber ring
  4350 | D:9      | Identified the ring "Tiweoty" {Fire rElec Str+3} (You found it on level 9 of the Dungeon)
  4371 | D:9      | Noticed a two-headed ogre
  4397 | D:9      | Noticed a two-headed ogre
  4408 | D:9      | Reached XP level 10. HP: 44/51 MP: 14/18
  4418 | D:9      | Reached skill level 5 in Fighting
  4482 | D:9      | Reached *** piety under Cheibriados
  4482 | D:9      | Reached skill level 3 in Shields
  4486 | D:9      | Noticed Prince Ribbit
  4492 | D:9      | Killed Prince Ribbit
  4519 | D:9      | Found a staircase to the Orcish Mines.
  4594 | D:9      | Killed a two-headed ogre
  4594 | D:9      | Reached skill level 7 in Transmutations
  4639 | D:9      | Killed a two-headed ogre
  4639 | D:9      | Reached skill level 4 in Shields
  4639 | D:9      | Reached skill level 3 in Evocations
  4671 | D:9      | Learned a level 5 spell: Blade Hands
  4672 | D:10     | Entered Level 10 of the Dungeon
  4705 | D:10     | Reached skill level 6 in Fighting
  4734 | D:10     | Got an ancient scale mail
  4751 | D:10     | Identified the +4 scale mail of Fureas {Int+3 Dex+3 SInv} (You found it on level 10 of the Dungeon)
  4800 | D:10     | Noticed an unseen horror
  4830 | D:10     | Killed an unseen horror
  4988 | D:10     | Reached skill level 1 in Armour
  5069 | D:11     | Found a shimmering altar of Xom.
  5069 | D:11     | Found a shimmering altar of Xom.
  5069 | D:11     | Found a shimmering altar of Xom.
  5069 | D:11     | Found a shimmering altar of Xom.
  5070 | D:11     | Found a shimmering altar of Xom.
  5071 | D:11     | Found a shimmering altar of Xom.
  5071 | D:11     | Found a shimmering altar of Xom.
  5079 | D:11     | Reached skill level 2 in Armour
  5085 | D:11     | Found a shimmering altar of Xom.
  5113 | D:11     | Found a staircase to the Lair.
  5119 | D:11     | Reached **** piety under Cheibriados
  5129 | D:11     | Noticed Erolcha
  5136 | D:11     | Reached skill level 8 in Transmutations
  5150 | D:11     | Reached XP level 11. HP: 17/58 MP: 12/19
  5151 | D:11     | Reached skill level 7 in Fighting
  5153 | D:11     | Killed Erolcha
  5156 | D:11     | HP: 3/58 [yak (5)]
  5162 | D:11     | HP: 5/58 [poisoned by a killer bee]
  5166 | D:11     | HP: 1/58 [hippogriff (3)]
  5174 | D:11     | Noticed an unseen horror
  5174 | D:11     | a blink frog changed into an unseen horror
  5181 | D:11     | an unseen horror changed into a blink frog
  5266 | Orc:1    | Entered Level 1 of the Orcish Mines
  5330 | Orc:2    | Entered Level 2 of the Orcish Mines
  5351 | Orc:2    | Reached skill level 9 in Transmutations
  5381 | Orc:2    | Found a flickering gateway to a bazaar.
  5473 | Orc:2    | Reached ***** piety under Cheibriados
  5488 | Orc:2    | Found a staircase to the Elven Halls.
  5555 | Orc:2    | Noticed an orc sorcerer
  5558 | Orc:2    | Noticed a soul eater
  5563 | Orc:2    | Killed an orc sorcerer
  5563 | Orc:2    | Reached skill level 8 in Fighting
  5575 | Orc:2    | Found a roughly hewn altar of Beogh.
  5740 | Orc:1    | Noticed a cyclops
  5753 | Orc:1    | Killed a cyclops
  5840 | Orc:1    | Noticed an orc sorcerer
  5857 | Orc:1    | Noticed an ettin
  5975 | Bazaar   | Entered a bazaar
  5975 | Bazaar   | Found Yliemebesk's Antique Armour Shop.
  5975 | Bazaar   | Found Yfromaos's Antique Weapon Shop.
  6013 | Bazaar   | Found Otilio's Distillery.
  6021 | Bazaar   | Bought a potion of flight for 27 gold pieces
  6021 | Bazaar   | Bought a potion of curing for 27 gold pieces
  6021 | Bazaar   | Bought a potion of mutation for 72 gold pieces
  6021 | Bazaar   | Bought a potion of curing for 27 gold pieces
  6021 | Bazaar   | Bought a potion of flight for 27 gold pieces
  6021 | Bazaar   | Bought a potion of might for 36 gold pieces
  6021 | Bazaar   | Bought a potion of curing for 27 gold pieces
  6060 | Orc:2    | Noticed an orc high priest
  6067 | Orc:2    | Killed an orc high priest
  6067 | Orc:2    | Reached skill level 10 in Transmutations
  6100 | Orc:2    | Noticed an orc knight
  6104 | Orc:2    | Noticed an orc sorcerer
  6105 | Orc:2    | Noticed an orc sorcerer
  6105 | Orc:2    | Noticed an orc sorcerer
  6105 | Orc:2    | Noticed an orc high priest
  6105 | Orc:2    | Noticed an orc knight
  6105 | Orc:2    | HP: 4/60 [orc knight/bolt (17)]
  6113 | Orc:2    | Noticed an orc high priest
  6121 | Orc:2    | Noticed an orc knight
  6123 | Orc:2    | Noticed an orc sorcerer
  6146 | Orc:2    | Killed from afar by an orc sorcerer

Skill      XL: |  1  2  3  4  5  6  7  8  9 10 11 |
---------------+----------------------------------+-----
Stealth        | 3 4 5 |  5.7
Fighting       | 1 2 3 4 6 8 |  8.8
Shields        | 1 2 4 |  4.1
Evocations     | 1 2 3 |  3.0
Short Blades   | 1 2 |  2.1
Transmutations | 2 4 6 8 10 | 10.1
Spellcasting   | 3 5 |  5.1
Unarmed Combat | 2 4 |  4.1
Poison Magic   | 2 |  2.4
Invocations    | 4 |  4.4
Armour         | 2 |  2.6
Dodging        | |  1.8
Conjurations   | |  1.0
Air Magic      | |  3.0

Action                   |  1- 3 |  4- 6 |  7- 9 | 10-12 || total
-------------------------+-------+-------+-------+-------++-------
Melee: Bite              |    15 |    16 |    66 |    73 ||   170
       Unarmed           |     8 |       |    72 |   103 ||   183
       Club              |    27 |       |       |       ||    27
       Rapier            |     6 |    89 |   221 |    78 ||   394
       Flail             |     1 |       |       |       ||     1
       Kick              |       |       |     2 |       ||     2
       Punch             |       |       |       |     6 ||     6
Throw: Javelin           |       |       |     1 |       ||     1
       Tomahawk          |       |       |     1 |       ||     1
 Cast: Shock             |    30 |    15 |    48 |     1 ||    94
       Sticks to Snakes  |       |       |    16 |    52 ||    68
       Beastly Appendage |       |       |     2 |       ||     2
       Spider Form       |       |       |     7 |     4 ||    11
       Blade Hands       |       |       |       |    12 ||    12
Invok: Bend Time         |       |       |     9 |     4 ||    13
 Abil: Evoke Invisibilit |     1 |     4 |    12 |    10 ||    27
       End Transformatio |       |       |       |     1 ||     1
Evoke: Wand              |       |       |       |     1 ||     1
  Use: Potion            |     2 |     4 |     5 |     4 ||    15
       Scroll            |       |       |    13 |     7 ||    20
 Stab: Sleeping          |     4 |     5 |    10 |     9 ||    28
       Invisible         |     1 |     5 |    15 |    20 ||    41
       Distracted        |       |       |       |     6 ||     6
  Eat: Chunk             |     1 |     5 |     9 |     8 ||    23
       Ration            |       |       |     1 |     1 ||     2
Armor: Ring mail         |    21 |    32 |    42 |       ||    95
       Skin              |     3 |       |    22 |     5 ||    30
       Robe              |       |       |    26 |     3 ||    29
       Scale mail        |       |       |       |   114 ||   114
Dodge: Dodged            |    20 |    38 |   169 |   209 ||   436
Block: Buckler           |     6 |    17 |    53 |    57 ||   133

Table legend:
 A = Turns spent in this place as a percentage of turns spent in the entire game.
 B = Non-inter-level travel turns spent in this place as a percentage of non-inter-level travel turns spent in the entire game.
 C = Inter-level travel turns spent in this place as a percentage of turns spent in this place.
 D = Turns resting spent in this place as a percentage of non-inter-level travel turns spent in this place.
 E = Turns spent auto-exploring this place as a percentage of non-inter-level travel turns spent in this place.
 F = Non-inter-level travel turns spent in this place divided by the number of levels of this place that you've seen.
                   A       B       C       D       E      F
               +-------+-------+-------+-------+-------+----------------------
         Total | 100.0 | 100.0 |   6.6 |   0.1 |   0.0 | 382.7
       Dungeon |  83.5 |  84.2 |   5.8 |   0.1 |   0.0 | 439.5
        Temple |   2.2 |   1.2 |  48.1 |   0.0 |   0.0 |  69.0
  Orcish Mines |  13.2 |  13.4 |   5.2 |   0.0 |   0.0 | 385.5
        Bazaar |   1.1 |   1.2 |   0.0 |   0.0 |   0.0 |  67.0
               +-------+-------+-------+-------+-------+----------------------

Table legend:
 A = Kills in this place as a percentage of kills in entire the game.
 B = Kills by you in this place as a percentage of kills by you in the entire game.
 C = Kills by friends in this place as a percentage of kills by friends in the entire game.
 D = Other kills in this place as a percentage of other kills in the entire game.
 E = Experience gained in this place as a percentage of experience gained in the entire game.
 F = Experience gained in this place divided by the number of levels of this place that you have seen.
                   A       B       C       D       E      F
               +-------+-------+-------+-------+-------+----------------------
         Total | 100.0 | 100.0 | 100.0 |   N/A | 100.0 | 1080.3
       Dungeon |  69.4 |  75.7 |  35.0 |   N/A |  66.9 | 985.0
  Orcish Mines |  30.6 |  24.3 |  65.0 |   N/A |  33.1 | 2684.5
               +-------+-------+-------+-------+-------+----------------------

Vault maps used:
D:1:      saegor_arrival_simple_f
D:2:      hangedman_decor_lopped, lemuel_blue_sif_altar, uniq_terence,
          uniq_sigmund
D:3:      first_ration
D:4:      minmay_temple_entry_statues, nemelex_spade_bored_becter
D:5:      bloody_trog, kennysheep_generic_room_10, uniq_blork_the_orc
D:6:      lemuel_doored_altar, lemuel_round_altar, glass_columns_a
D:7:      serial_shops, nicolae_shop_trees, serial_glass, glass_columns_b,
          glass_columns_a, glass_columns_a, glass_columns_c, glass_columns_a,
          glass_columns_a, glass_columns_b, glass_columns_a,
          kennysheep_okawaru_gauntlet
D:8:      nicolae_overflow_crystal_walls, serial_shops, nicolae_shop_stone,
          hangedman_abyss_or_decor_passed, uniq_joseph
D:9:      overflow_temple_1_default, orc_0_dummy, uniq_prince_ribbit1
D:10:     uniq_urug
D:11:     david_lair_generic, xom_shifter_show, uniq_erolcha
Temple:   minmay_crystal_spiral_temple
Orc:2:    st_orc_elflike, serial_shops, bzr_entry_lakeside, mines2_david
Bazaar:   bazaar_jpeg_cross
